 Dungeon Crawl Stone Soup version 0.22.1-2-g9c5b331 (webtiles) character file.

39 Matador8 the Insei (level 3, -1/26 HPs)
             Began as a Merfolk Transmuter on Dec 19, 2018.
             Slain by Natasha (9 damage)
             ... on level 2 of the Dungeon.
             The game lasted 00:06:23 (1172 turns).

Matador8 the Insei (Merfolk Transmuter)             Turns: 1172, Time: 00:06:24

Health: -1/26      AC:  3    Str: 11    XL:     3   Next: 47%
Magic:  1/6        EV: 13    Int: 12    God:
Gold:   54         SH:  0    Dex: 14    Spells: 3/6 levels left

rFire    . . .     SeeInvis .     - Unarmed
rCold    . . .     Gourm    .   (no shield)
rNeg     . . .     Faith    .   b - +0 robe
rPois    .         Spirit   .   (no helmet)
rElec    .         Reflect  .   (no cloak)
rCorr    .         Harm     .   (no gloves)
MR       .....                  c - +0 pair of boots
Stlth    +.........             (no amulet)
HPRegen  0.08/turn              (no ring)
MPRegen  0.10/turn              (no ring)

@: no status effects
A: change form in water, swift swim, stealthy swim
a: no special abilities


You were on level 2 of the Dungeon.
You were hungry.

You visited 1 branch of the dungeon, and saw 2 of its levels.

You collected 54 gold pieces.

Inventory:

Hand Weapons
 k - a +2 dagger of venom
Missiles
 a - 11 arrows
Armour
 b - a +0 robe (worn)
 c - a +0 pair of boots (worn)
 j - a +1 robe of magic resistance
Scrolls
 g - a scroll of random uselessness {unknown}
 h - a scroll of identify {unknown}
Potions
 f - a potion of flight {unknown}
 i - a potion of might {unknown}
 l - a potion of curing {unknown}
Comestibles
 d - 2 rations
 m - 2 chunks of flesh


   Skills:
 - Level 1.1 Fighting
 - Level 2.6 Dodging
 + Level 4.1 Unarmed Combat
 - Level 2.0 Spellcasting
 + Level 4.0 Transmutations


You had 3 spell levels left.
You knew the following spells:

 Your Spells              Type           Power        Failure   Level  Hunger
a - Beastly Appendage     Tmut           ##....       5%          1    ##.....
b - Sticks to Snakes      Tmut           ##......     8%          2    ###....

Your spell library contained the following spells:

 Spells                   Type           Power        Failure   Level  Hunger
 Spider Form              Tmut/Pois      #.........   34%         3    ####...
 Ice Form                 Ice/Tmut       #.......     75%         4    #####..
 Blade Hands              Tmut           ##........   82%         5    ######.


Dungeon Overview and Level Annotations

Branches:
Dungeon (2/15)

Altars:

Annotations:
D:2 Natasha


Message History

Your ball python bites the crimson imp but does no damage.
Your ball python constricts the crimson imp.
The white imp barely misses your ball python.
Your adder bites the crimson imp but does no damage.
Your ball python bites the crimson imp.
Your ball python constricts the crimson imp.
You closely miss Natasha.
Natasha is moderately wounded.
The crimson imp misses you. Natasha claws you!
Your adder bites the crimson imp but does no damage.
The white imp hits your ball python. The white imp freezes your ball python.
Your ball python dies!
You hit Natasha.
Natasha is heavily wounded.
Your adder bites the crimson imp.
The crimson imp closely misses you. Natasha barely misses you.
Your adder bites the crimson imp.
You barely miss Natasha.
Natasha is heavily wounded.
The crimson imp hits you. Natasha claws you!
You die...

# #.# #. #.#.. #.####.
#.#.# #...... #....
#....#. #...#######
#.##.#.
#.###...#.....####.##)..
........(†...÷......>#.
..#..S..#(..####.##.#.
#..@55#.#.# #.##.#.
##.#h.#...# #....#.
#.#..###.# #......
#.#..# #... ....#..
#.#..# ######.#.#.#
#.#... #.#.### #.#.##.
..... .


You could see Natasha, a crimson imp, a white imp and a friendly adder.

Vanquished Creatures
  2 dart slugs (D:1)
  A leopard gecko (D:1)
  2 giant cockroaches (D:1)
  3 goblins
  4 hobgoblins (D:1)
  5 kobolds (D:1)
  2 bats (D:1)
  2 frilled lizards (D:1)
  3 rats (D:1)
24 creatures vanquished.

Vanquished Creatures (collateral kills)
  An adder (D:2)
  A kobold (D:2)
2 creatures vanquished.

Grand Total: 26 creatures vanquished

Notes
Turn   | Place    | Note
-------+----------+-------------------------------------------
     0 | D:1      | Matador8 the Merfolk Transmuter began the quest for the
                  | Orb.
     0 | D:1      | Reached XP level 1. HP: 15/15 MP: 3/3
    88 | D:1      | Reached XP level 2. HP: 21/21 MP: 5/5
    92 | D:1      | Learned a level 2 spell: Sticks to Snakes
   616 | D:1      | Reached XP level 3. HP: 26/26 MP: 6/6
   797 | D:1      | Noticed a troll
  1027 | D:2      | Noticed Natasha
  1172 | D:2      | Slain by Natasha

Skill      XL: |  1  2  3 |
---------------+----------+-----
Transmutations | 3 4 |  4.0
Unarmed Combat | 4 |  4.1
Fighting       | |  1.1
Dodging        | |  2.6
Spellcasting   | |  2.0

Action                   || total
-------------------------++-------
Melee: Unarmed           ||    67
       Headbutt          ||     5
       Punch             ||     1
 Cast: Beastly Appendage ||    10
       Sticks to Snakes  ||     8
  Use: Potion            ||     1
 Stab: Sleeping          ||     1
  Eat: Chunk             ||     1
Armor: Robe              ||     8
Dodge: Dodged            ||    29
